 Dungeon Crawl Stone Soup version 0.23-a0-338-g8ff0b24 (webtiles) character file.

28 MisterFreud the Sneak (level 3, -2/15 HPs)
             Began as a Felid Artificer on Oct 18, 2018.
             Slain by a quokka (5 damage)
             ... on level 1 of the Dungeon.
             The game lasted 00:02:08 (1493 turns).

MisterFreud the Sneak (Felid Artificer)             Turns: 1493, Time: 00:02:09

Health: -2/15      AC:  1    Str:  9    XL:     3   Next: 0%
Magic:  6/6        EV: 18    Int: 12    God:
Gold:   22         SH:  0    Dex: 16    Spells: 2/2 levels left
                                        Lives:  0   Deaths: 0

rFire    . . .     SeeInvis +     - Unarmed
rCold    . . .     Gourm    .   (shield unavailable)
rNeg     . . .     Faith    .   (armour unavailable)
rPois    .         Spirit   .   (helmet unavailable)
rElec    .         Reflect  .   (cloak unavailable)
rCorr    .         Harm     .   (gloves unavailable)
MR       .....                  (boots unavailable)
Stlth    +++.......             (no amulet)
HPRegen  0.05/turn              (no ring)
MPRegen  0.10/turn              (no ring)

@: quick
A: very small, no armour, no weapons or thrown items, stealth, claws 1, fangs 3,
see invisible, carnivore, speed 1, shaggy fur 1, slow metabolism 1, sharp paws
a: no special abilities


You were on level 1 of the Dungeon.
You were very full.

You visited 1 branch of the dungeon, and saw 2 of its levels.

You collected 22 gold pieces.

Inventory:

Wands
 a - a wand of flame (11)
 b - a wand of enslavement (15)
 c - a wand of random effects (15)
Scrolls
 e - a scroll of blinking
Potions
 f - a potion of mutation {unknown}
Comestibles
 d - 3 rations


   Skills:
 - Level 1.0 Fighting
 - Level 2.6 Dodging
 - Level 4.2 Stealth
 - Level 1.0 Unarmed Combat
 + Level 3.4 Evocations


You had 2 spell levels left.
You didn't know any spells.
Your spell library was empty.

Dungeon Overview and Level Annotations

Branches:
Dungeon (2/15)

Altars:


Innate Abilities, Weirdness & Mutations

You cannot wear armour.
You are incapable of wielding weapons or throwing items.
Your paws allow you to move quietly. (Stealth)
You have sharp claws.
You have razor-sharp teeth.
You have supernaturally acute eyesight. (SInv)
You are carnivorous and can eat meat at any time.
You cover ground quickly.
You are covered in fur. (AC +1)
You have a slow metabolism.
Your sharp claws are effective at attacking unaware monsters.


Message History

You bite the quokka, but do no damage. The quokka closely misses you.
You scratch the quokka.
The quokka is moderately wounded.
The quokka bites you. x2
* * * LOW HITPOINT WARNING * * *
You are too injured to fight recklessly!
You are too injured to fight recklessly!
You are too injured to fight recklessly!
You are too injured to fight recklessly!
You barely miss the quokka. You bite the quokka.
The quokka is almost dead.
The quokka bites you.
* * * LOW HITPOINT WARNING * * *
You closely miss the quokka.
The quokka is almost dead.
The quokka closely misses you.
You barely miss the quokka.
The quokka is almost dead.
The quokka bites you.
You die...

.####..................##
..........####+#'#####..#
..###.....# #...######'#
#.# ####### ##..##≈..[##
#.# #....#≈...# #.#
#....#≈...#
#.############....#≈...#
................r.#≈≈≈≈#
######'#######..@)+#####
#.# #.......# #####.#####
#...###.# #...'.'...#
#...###.# #.###.###^#
#....##.# #.# #.# #.#
#....##.#
##'###.###'###....##.#
.............'.#####.#
##'###.###'###.## #.#


You could see a quokka.

Vanquished Creatures
  An ooze (D:1)
  A worm (D:2)
  A dart slug (D:1)
  A giant cockroach (D:1)
  5 goblins (D:1)
  3 hobgoblins (D:1)
  2 bats (D:1)
  2 frilled lizards (D:1)
  2 kobolds (D:1)
  A rat (D:1)
19 creatures vanquished.

Notes
Turn   | Place    | Note
-------+----------+-------------------------------------------
     0 | D:1      | MisterFreud the Felid Artificer began the quest for the
                  | Orb.
     0 | D:1      | Reached XP level 1. HP: 9/9 MP: 4/4
    49 | D:1      | Reached skill level 2 in Stealth
   455 | D:1      | Reached skill level 3 in Stealth
   480 | D:1      | Reached XP level 2. HP: 11/12 MP: 5/5
  1203 | D:1      | Reached skill level 4 in Stealth
  1481 | D:2      | Reached XP level 3. HP: 9/15 MP: 6/6
  1493 | D:1      | Slain by a quokka

Vault maps used:
D:1:      minmay_arrival_wavy_path, hangedman_decor_points,
          minmay_misc_feat_alley, chequers_serial_rivers_room_a,
          hangedman_decor_lopped, minmay_door_square
D:2:      chequers_serial_rivers_micro_a, minmay_pentomino_z2, uniq_jessica

Skill      XL: |  1  2 |
---------------+-------+-----
Stealth        | 3 4 |  4.2
Fighting       | |  1.0
Dodging        | |  2.6
Unarmed Combat | |  1.0
Evocations     | |  3.4

Action                   || total
-------------------------++-------
Melee: Unarmed           ||    77
       Bite              ||    12
Evoke: Wand              ||     4
  Use: Scroll            ||     2
 Stab: Sleeping          ||     3
  Eat: Chunk             ||     7
Armor: Skin              ||     3
Dodge: Dodged            ||    51

Table legend:
 A = Non-vault XP
 B = Vault XP
 C = Vault XP percentage of total XP
 D = Non-vault monster count
 E = Vault monster count
 F = Vault count percentage of total count
                 A         B        C        D         E       F
            +---------+---------+-------+---------+---------+-------
      Total |      41 |       0 |   0.0 |      19 |       0 |   0.0
            +---------+---------+-------+---------+---------+-------
        D:1 |      36 |       0 |   0.0 |      18 |       0 |   0.0
        D:2 |       5 |       0 |   0.0 |       1 |       0 |   0.0
            +---------+---------+-------+---------+---------+-------
